Map: Neon Violet Square LE

Players

RiSky - Winner!

  • Race: Zerg Zerg
  • League: Master
  • Spawn Location: 5:00

FeaR

  • Race: Protoss Protoss
  • League: Master
  • Spawn Location: 11:00

VOD

Have the link to the VOD?

Description

Time

  • Played on: Nov. 19, 2017, 11:05 a.m.
  • Length: 11:18
Show
View Real Time Build Order
Export as new Build Order

RiSky Zerg - Winner!

Build Orders: Hatch First, Lurkers 

Get SALT Encoding   

  12  0:00  Drone  
  13  0:13  Overlord  
  13  0:17  Drone  
  14  0:31  Drone x2  
  14  0:35  Drone  
  17  0:52  Hatchery  
  17  0:55  Drone  
  17  0:59  Drone  
  18  1:09  Extractor  
  17  1:13  Spawning Pool  
  17  1:16  Drone  
  17  1:20  Drone  
  18  1:28  Drone  
  19  1:39  Overlord  
  19  1:50  Drone  
  20  1:59  Queen  
  20  2:01  Zergling x2  
  23  2:04  Queen, Zergling x2  
  26  2:10  Metabolic Boost  
  26  2:11  Drone  
  26  2:15  Drone  
  28  2:22  Drone  
  29  2:25  Drone  
  30  2:39  Drone, Hatchery  
  30  2:43  Drone  
  31  2:46  Overlord  
  31  2:50  Drone  
  32  2:58  Drone  
  33  2:59  Drone  
  34  3:06  Drone  
  34  3:09  Drone  
  36  3:12  Overlord  
  36  3:14  Drone x5  
  41  3:21  Drone  
  41  3:23  Drone  
  43  3:28  Queen, Spore Crawler  
  43  3:32  Queen  
  46  3:38  Evolution Chamber  
  46  3:39  Drone x2  
  47  3:43  Overlord  
  47  3:47  Spore Crawler  
  47  3:48  Drone  
  47  3:49  Drone  
  47  3:51  Drone  
  47  3:52  Drone  
  47  3:53  Drone  
  47  3:55  Drone  
  52  4:00  Drone x2  
  52  4:01  Drone  
  55  4:03  Drone  
  55  4:05  Drone  
  55  4:09  Lair  
  57  4:12  Extractor  
  57  4:13  Drone  
  57  4:14  Drone  
  57  4:16  Overlord  
  58  4:18  Drone  
  58  4:19  Extractor  
  58  4:23  Overlord  
  58  4:27  Spore Crawler  
  58  4:28  Drone  
  58  4:31  Overlord  
  58  4:35  Zerg Missile Weapons Level 1, Drone  
  58  4:38  Overlord  
  59  4:39  Drone  
  59  4:40  Drone  
  59  4:41  Overlord  
  59  4:42  Drone  
  59  4:43  Drone  
  59  4:45  Drone  
  64  4:48  Drone  
  64  4:50  Drone x2  
  64  4:51  Drone  
  68  4:53  Drone  
  68  4:54  Drone  
  68  4:56  Extractor, Drone  
  68  4:57  Drone  
  68  4:59  Overlord  
  71  5:02  Drone  
  71  5:03  Drone  
  71  5:05  Queen  
  75  5:09  Overlord  
  75  5:12  Hydralisk Den, Drone  
  75  5:13  Drone  
  76  5:16  Drone x2  
  76  5:19  Drone  
  76  5:20  Overlord  
  76  5:21  Baneling Nest  
  78  5:22  Drone  
  78  5:23  Overlord  
  78  5:25  Overlord  
  79  5:30  Hatchery  
  79  5:33  Drone x2  
  80  5:36  Extractor  
  80  5:37  Extractor  
  80  5:39  Drone  
  80  5:41  Evolution Chamber  
  78  5:49  Zergling x6  
  85  5:50  Zergling x16  
  85  5:54  Muscular Augments  
  89  5:59  Hydralisk  
  89  6:00  Hydralisk  
  89  6:03  Hydralisk x2  
  97  6:07  Overlord, Zerg Melee Weapons Level 1  
  97  6:12  Hydralisk x2  
  97  6:15  Hydralisk x2  
  105  6:19  Hydralisk  
  107  6:28  Hydralisk x2  
  107  6:29  Infestation Pit, Lurker Den  
  107  6:30  Drone x2  
  107  6:31  Overlord  
  111  6:34  Hydralisk  
  112  6:41  Hydralisk x3  
  112  6:46  Hydralisk  
  112  6:47  Hydralisk  
  112  6:52  Hydralisk x2  
  119  6:59  Hydralisk x2  
  123  7:02  Overlord x2  
  123  7:04  Zergling x8  
  127  7:08  Zerg Missile Weapons Level 2  
  127  7:11  Zergling x4  
  127  7:14  Zergling x2  
  127  7:15  Zergling x6  
  133  7:21  Zergling x8  
  133  7:22  Zergling x4  
  139  7:31  Hive  
  139  7:32  Zergling x12  
  139  7:36  Centrifical Hooks  
  145  7:42  Drone x2  
  145  7:43  Drone x4  
  150  7:46  Overlord  
  150  7:47  Drone  
  150  7:49  Overlord  
  151  7:54  Drone  
  151  7:57  Overlord  
  151  8:01  Overlord  
  151  8:03  Overlord x2  
  147  8:14  Overlord  
  147  8:17  Zergling x22  
  143  8:24  Zergling x12  
  141  8:29  Zergling x2  
  141  8:30  Zergling x8  
  142  8:40  Extractor  
  128  8:42  Extractor  
  128  8:46  Adaptive Talons  
  124  8:56  Hydralisk x8  
  124  8:58  Lurker x2  
  124  8:59  Lurker x7  
  149  9:03  Drone x7  
  149  9:09  Overlord, Hydralisk x2  
  156  9:12  Overlord  
  156  9:17  Adrenal Glands  
  160  9:19  Hydralisk  
  160  9:23  Hydralisk x2  
  164  9:28  Hydralisk x3  
  172  9:39  Baneling x4  
  172  9:40  Baneling x2  
  172  9:46  Zergling x2  
  172  9:47  Zergling x6  
  172  9:51  Hatchery  
  175  9:55  Zergling x2  
  175  9:56  Zergling x10  
  177  10:09  Hydralisk x7  
  191  10:18  Zergling x16  
  171  10:36  Zergling x24  
  171  10:42  Overseer x2  
  171  10:46  Lurker x4  
  171  10:47  Lurker  
  171  10:49  Zergling x12  
  180  10:52  Hydralisk x2  
  186  11:02  Lurker x3  
Show
View Real Time Build Order
Export as new Build Order

FeaR Protoss 

Build Orders: 1 Gate Expand, Oracle Opening, Phoenix Opening 

Get SALT Encoding   

  12  0:00  Probe  
  13  0:12  Probe  
  14  0:20  Pylon  
  14  0:25  Probe  
  15  0:38  Probe (Chrono Boost)  
  15  0:39  Gateway  
  17  0:50  Probe (Chrono Boost)  
  17  0:52  Assimilator  
  17  0:55  Probe (Chrono Boost)  
  18  1:05  Probe (Chrono Boost)  
  19  1:17  Probe (Chrono Boost)  
  20  1:25  Nexus  
  20  1:35  Cybernetics Core  
  20  1:38  Probe  
  21  1:43  Assimilator  
  21  1:50  Probe  
  21  1:54  Pylon  
  22  2:02  Probe  
  23  2:13  Adept (Chrono Boost)  
  23  2:14  Warp Gate, Probe  
  26  2:27  Probe  
  27  2:32  Stargate  
  27  2:39  Probe (Chrono Boost)  
  29  2:49  Adept, Probe (Chrono Boost)  
  29  2:50  Probe (Chrono Boost)  
  29  2:51  Probe  
  33  2:54  Probe  
  34  3:03  Probe  
  35  3:06  Probe  
  35  3:12  Gateway  
  36  3:15  Gateway, Probe  
  36  3:18  Probe  
  36  3:19  Phoenix (Chrono Boost)  
  40  3:27  Probe  
  40  3:30  Probe  
  40  3:32  Pylon  
  42  3:34  Oracle  
  42  3:39  Probe  
  46  3:50  Probe  
  46  3:51  Probe  
  48  4:02  Probe  
  49  4:03  Probe  
  49  4:07  Forge  
  49  4:09  Pylon  
  50  4:11  Nexus  
  50  4:12  Pylon  
  50  4:17  Probe x2  
  52  4:27  Twilight Council  
  52  4:29  Probe  
  52  4:30  Probe  
  54  4:32  Assimilator, Sentry x2  
  54  4:36  Assimilator  
  58  4:40  Protoss Ground Weapons Level 1 (Chrono Boost)  
  58  4:41  Probe  
  58  4:42  Probe  
  60  4:47  Pylon  
  60  4:53  Probe  
  60  4:54  Probe  
  62  5:05  Blink (Chrono Boost), Probe  
  62  5:06  Probe  
  64  5:15  Robotics Facility  
  64  5:17  Probe  
  64  5:18  Probe  
  66  5:24  Probe  
  67  5:29  Probe  
  67  5:30  Probe, Sentry  
  67  5:31  Sentry  
  67  5:34  Gateway  
  73  5:36  Probe  
  73  5:37  Gateway  
  73  5:41  Gateway, Probe, Pylon  
  73  5:42  Gateway, Probe  
  76  5:48  Probe  
  77  5:51  Sentry  
  79  5:57  Sentry x2  
  79  5:58  Probe  
  79  6:00  Assimilator  
  79  6:02  Warp Prism (Chrono Boost)  
  86  6:04  Probe  
  86  6:05  Probe  
  86  6:06  Assimilator  
  86  6:07  Pylon  
  86  6:10  Shield Battery, Probe  
  89  6:11  Pylon  
  89  6:12  Shield Battery  
  89  6:14  Shield Battery  
  89  6:16  Photon Cannon, Protoss Ground Weapons Level 2 (Chrono Boost)  
  89  6:17  Probe  
  89  6:18  Probe  
  91  6:25  Probe  
  91  6:30  Observer  
  93  6:35  Stalker x3  
  99  6:44  Stalker x3  
  99  6:45  Probe  
  106  6:55  Robotics Bay  
  106  7:02  Charge  
  106  7:04  Zealot x2  
  110  7:10  Nexus  
  110  7:11  Pylon  
  110  7:13  Pylon  
  110  7:19  Zealot x3  
  110  7:21  Probe  
  117  7:24  Pylon  
  117  7:25  Pylon  
  117  7:29  Probe  
  118  7:30  Pylon  
  118  7:34  Zealot  
  118  7:36  Probe  
  118  7:37  Probe  
  122  7:41  Probe  
  115  7:45  Colossus (Chrono Boost)  
  115  7:46  Extended Thermal Lance  
  115  7:48  Probe  
  115  7:49  Probe  
  123  7:56  Stalker x6  
  123  7:57  Stalker  
  129  7:59  Probe  
  129  8:02  Probe  
  129  8:03  Probe  
  124  8:19  Probe  
  111  8:22  Stalker x4  
  111  8:23  Stalker  
  111  8:25  Probe, Colossus (Chrono Boost)  
  118  8:33  Nexus  
  109  8:45  Protoss Ground Weapons Level 3 (Chrono Boost)  
  109  8:46  Fleet Beacon  
  109  8:47  Stargate  
  110  8:48  Probe  
  110  8:51  Probe  
  110  8:52  Stalker  
  113  9:01  Probe x2  
  113  9:02  Colossus (Chrono Boost)  
  121  9:04  Probe  
  122  9:13  Probe x2  
  122  9:16  Zealot x4, Probe  
  133  9:17  Zealot  
  136  9:38  Pylon  
  135  9:40  Pylon  
  135  9:41  Pylon  
  143  9:46  Carrier (Chrono Boost), Observer  
  143  9:49  Assimilator  
  143  9:50  Zealot x4  
  143  9:51  Pylon  
  154  9:56  Assimilator  
  154  9:59  Carrier (Chrono Boost)  
  154  10:08  Zealot x2  
  152  10:30  Zealot x2  
  152  10:31  Zealot x3  
  150  10:42  Stalker x2  
  118  10:57  Zealot  
  118  10:58  Zealot x4  
  127  11:10  Zealot x2  
Tags
 
Add a new tag
Caveats
  • Supply blocks, unpowered buildings, or Contaminate may cause inaccurate times.
  • Supply counts are checked every 10 seconds.